 Dungeon Crawl Stone Soup version 0.23.2-40-g277498a001 (webtiles) character file.

Game seed: 6586344652674303387

704 Amplified the Vexing (level 7, -9/51 HPs)
             Began as a Gnoll Wanderer on Oct 4, 2019.
             Mangled by Prince Ribbit (10 damage)
             ... on level 5 of the Dungeon.
             The game lasted 00:05:35 (3674 turns).

Amplified the Vexing (Gnoll Wanderer)               Turns: 3674, Time: 00:05:36

Health: -9/51      AC:  2    Str: 15      XL:     7   Next: 67%
Magic:  12/12      EV: 13    Int: 14 (15) God:
Gold:   165        SH:  0    Dex: 13 (15) Spells: 13/13 levels left

rFire    + . .     SeeInvis .   o - +1 hunting sling
rCold    + . .     Gourm    .   (no shield)
rNeg     . . .     Faith    .   d - +0 robe
rPois    +         Spirit   .   (no helmet)
rElec    +         Reflect  .   (no cloak)
rCorr    +         Harm     .   (no gloves)
MR       .....                  (no boots)
Stlth    ++........             (no amulet)
HPRegen  0.17/turn              i - +6 ring of slaying
MPRegen  0.13/turn              m - ring of wizardry

@: resistant
A: distributed training, fangs 1, blurry vision 1, MP-powered wands, strong nose
a: no special abilities


You were on level 5 of the Dungeon.
You were not hungry.

You visited 1 branch of the dungeon, and saw 5 of its levels.

You collected 165 gold pieces.

Inventory:

Hand Weapons
 b - a +2 dagger of holy wrath
 o - a +1 hunting sling (weapon)
Missiles
 e - 3 needles of confusion
 g - 59 stones (quivered)
 h - 28 bolts
 n - 11 poisoned needles
Armour
 c - a +0 robe
 d - a +0 robe (worn)
Jewellery
 i - a +6 ring of slaying (left hand)
 m - a ring of wizardry (right hand)
 p - a +2 ring of evasion
Scrolls
 a - 4 scrolls of identify
 j - a scroll of enchant weapon
 k - a scroll of amnesia
Comestibles
 f - 8 rations


   Skills:
 + Level 2.6 Fighting
 + Level 2.6 Short Blades
 + Level 2.6 Long Blades
 + Level 2.6 Axes
 + Level 2.6 Maces & Flails
 + Level 2.6 Polearms
 + Level 2.6 Staves
 + Level 2.6 Slings
 + Level 2.6 Bows
 + Level 2.6 Crossbows
 + Level 3.7 Throwing
 + Level 2.6 Armour
 + Level 2.6 Dodging
 + Level 2.6 Stealth
 + Level 3.7 Shields
 + Level 2.6 Unarmed Combat
 + Level 3.9 Spellcasting
 + Level 2.1 Conjurations
 + Level 5.9 Hexes
 + Level 2.1 Charms
 + Level 2.1 Summonings
 + Level 2.1 Necromancy
 + Level 2.1 Translocations
 + Level 2.1 Transmutations
 + Level 4.3 Fire Magic
 + Level 2.1 Ice Magic
 + Level 2.1 Air Magic
 + Level 2.1 Earth Magic
 + Level 4.3 Poison Magic
 + Level 2.9 Invocations
 + Level 2.6 Evocations


You had 13 spell levels left.
You didn't know any spells.
Your spell library contained the following spells:

 Spells                   Type           Power        Failure   Level  Hunger
 Flame Tongue             Conj/Fire      ##...        2%          1    None
 Sting                    Conj/Pois      ##..         2%          1    None
 Ensorcelled Hibernation  Hex/Ice        ##....       2%          2    ##.....
 Inner Flame              Hex/Fire       ###.....     2%          3    ###....
 Animate Skeleton         Necr           N/A          3%          1    None
 Pain                     Necr           #...         3%          1    None
 Throw Flame              Conj/Fire      ##....       3%          2    ##.....
 Throw Frost              Conj/Ice       #.....       4%          2    ##.....
 Ignite Poison            Fire/Tmut/Pois ##......     5%          3    ###....
 Conjure Flame            Conj/Fire      ##......     6%          3    ###....
 Regeneration             Chrm/Necr      #.........   10%         3    ###....
 Vampiric Draining        Necr           #.........   10%         3    ###....
 Sticky Flame             Conj/Fire      ##......     21%         4    ####...
 Animate Dead             Necr           N/A          32%         4    ####...
 Fireball                 Conj/Fire      ##........   47%         5    ######.


Dungeon Overview and Level Annotations

Branches:
Dungeon (5/15)
 Temple: D:4-7

Altars:
Cheibriados
Elyvilon
Gozag
Nemelex Xobeh
Ru
Trog
Vehumet
Xom
Yredelemnul

Annotations:
D:3 3 runed translucent doors, bananaglory's ghost, amateur MfTm
D:5 Prince Ribbit


Innate Abilities, Weirdness & Mutations

Your experience applies equally to all skills.
You have very sharp teeth.
Your uncanny sense of smell can sniff out nearby items.
Scrolls take you a little longer to read.
You expend magic power (3 MP) to strengthen your wands.


Message History

Firing (i - inventory)
g - 62 stones (quivered)
Press: ? - help, Shift-Dir - straight line, f/p - Prince Ribbit
Aim: Prince Ribbit (lightly wounded)
You shoot a stone. The stone hits Prince Ribbit.
Prince Ribbit is moderately wounded.
Prince Ribbit hits you but does no damage.
Firing (i - inventory)
g - 61 stones (quivered)
Press: ? - help, Shift-Dir - straight line, f/p - Prince Ribbit
Aim: Prince Ribbit (moderately wounded)
You shoot a stone. The stone barely misses Prince Ribbit.
Prince Ribbit misses you. Prince Ribbit closely misses you.
Firing (i - inventory)
g - 60 stones (quivered)
Press: ? - help, Shift-Dir - straight line, f/p - Prince Ribbit
Aim: Prince Ribbit (moderately wounded)
You shoot a stone. The stone hits Prince Ribbit!
Prince Ribbit is heavily wounded.
Prince Ribbit hits you!
* * * LOW HITPOINT WARNING * * *
Prince Ribbit hits you!
You die...

# .## ##..####
##
####.#....####.#
#....((.....(..#
#....... .....
#....####..# ∆
#....(....#
#.####.(@.##
##.F.# ##..##
#(..# ##..#
#..### ##
##....### ..
##......... #.
##...####...


You could see Prince Ribbit.

Vanquished Creatures
  Edmund (D:5)
  A phantom (D:4)
  An ogre (D:4)
  A howler monkey (D:5)
  A hound (D:3)
  2 orc wizards (D:3)
  2 worker ants (D:4)
  A hound skeleton (D:4)
  A worker ant zombie (D:5)
  7 gnolls
  5 adders
  2 oozes (D:1)
  A worm (D:2)
  3 dart slugs
  4 leopard geckos
  15 orcs
  6 bats
  2 giant cockroaches (D:1)
  5 goblins
  9 hobgoblins
  4 jackals (D:1)
  3 quokkas (D:2)
  6 frilled lizards (D:2)
  9 kobolds
  3 rats
95 creatures vanquished.

Notes
Turn   | Place    | Note
-------+----------+-------------------------------------------
     0 | D:1      | Amplified the Gnoll Wanderer began the quest for the Orb.
     0 | D:1      | Amplified set off with the following items: a +0 club, a +0
                  | robe, a ration; and the following spells available to
                  | memorise: Flame Tongue, Sting, Ensorcelled Hibernation,
                  | Inner Flame, Throw Flame, Ignite Poison, Conjure Flame,
                  | Throw Frost, Sticky Flame, Fireball
     0 | D:1      | Reached XP level 1. HP: 13/13 MP: 4/4
   185 | D:1      | Reached XP level 2. HP: 20/20 MP: 5/5
   445 | D:1      | Reached XP level 3. HP: 21/25 MP: 7/7
   924 | D:2      | Reached skill level 1 in Invocations
   962 | D:2      | Reached skill level 1 in Fighting
   962 | D:2      | Reached skill level 1 in Short Blades
   962 | D:2      | Reached skill level 1 in Long Blades
   962 | D:2      | Reached skill level 1 in Axes
   962 | D:2      | Reached skill level 1 in Maces & Flails
   962 | D:2      | Reached skill level 1 in Polearms
   962 | D:2      | Reached skill level 1 in Staves
   962 | D:2      | Reached skill level 1 in Slings
   962 | D:2      | Reached skill level 1 in Bows
   962 | D:2      | Reached skill level 1 in Crossbows
   962 | D:2      | Reached skill level 1 in Armour
   962 | D:2      | Reached skill level 1 in Dodging
   962 | D:2      | Reached skill level 1 in Stealth
   962 | D:2      | Reached skill level 1 in Unarmed Combat
   962 | D:2      | Reached skill level 1 in Evocations
  1003 | D:2      | Reached XP level 4. HP: 26/32 MP: 8/8
  1170 | D:2      | Gained mutation: Scrolls take you a little longer to read.
                  | [potion of mutation]
  1170 | D:2      | Gained mutation: You expend magic power (3 MP) to
                  | strengthen your wands. [potion of mutation]
  1243 | D:2      | Reached skill level 1 in Conjurations
  1243 | D:2      | Reached skill level 1 in Charms
  1243 | D:2      | Reached skill level 1 in Summonings
  1243 | D:2      | Reached skill level 1 in Necromancy
  1243 | D:2      | Reached skill level 1 in Translocations
  1243 | D:2      | Reached skill level 1 in Transmutations
  1243 | D:2      | Reached skill level 1 in Ice Magic
  1243 | D:2      | Reached skill level 1 in Air Magic
  1243 | D:2      | Reached skill level 1 in Earth Magic
  1257 | D:2      | Reached XP level 5. HP: 37/37 MP: 9/9
  1323 | D:2      | Found a faded altar of an unknown god.
  1499 | D:2      | Found a sparkling altar of Nemelex Xobeh.
  1606 | D:3      | Found a radiant altar of Vehumet.
  1743 | D:3      | Found a white marble altar of Elyvilon.
  1770 | D:3      | Reached XP level 6. HP: 42/44 MP: 10/10
  1834 | D:3      | Noticed bananaglory's ghost (amateur MfTm)
  1841 | D:3      | Found a runed translucent gate.
  1841 | D:3      | Found a runed translucent gate.
  1843 | D:3      | Found a runed translucent gate.
  1896 | D:3      | Found a shimmering altar of Xom.
  1957 | D:3      | Found a bloodstained altar of Trog.
  2180 | D:3      | Found an opulent altar of Gozag.
  2407 | D:4      | Found a basalt altar of Yredelemnul.
  2618 | D:4      | Noticed a phantom
  2626 | D:4      | Killed a phantom
  2811 | D:4      | Reached XP level 7. HP: 40/50 MP: 12/12
  3111 | D:4      | Found a snail-covered altar of Cheibriados.
  3170 | D:5      | Entered Level 5 of the Dungeon
  3207 | D:5      | Found a sacrificial altar of Ru.
  3259 | D:5      | Noticed Edmund
  3287 | D:5      | Killed Edmund
  3651 | D:5      | Noticed Prince Ribbit
  3674 | D:5      | HP: 1/51 [Prince Ribbit (9)]
  3674 | D:5      | Mangled by Prince Ribbit

Skill      XL: |  1  2  3  4  5  6  7 |
---------------+----------------------+-----
Invocations    | 1 2 |  2.9
Fighting       | 1 2 |  2.6
Short Blades   | 1 2 |  2.6
Long Blades    | 1 2 |  2.6
Axes           | 1 2 |  2.6
Maces & Flails | 1 2 |  2.6
Polearms       | 1 2 |  2.6
Staves         | 1 2 |  2.6
Slings         | 1 2 |  2.6
Bows           | 1 2 |  2.6
Crossbows      | 1 2 |  2.6
Armour         | 1 2 |  2.6
Dodging        | 1 2 |  2.6
Stealth        | 1 2 |  2.6
Unarmed Combat | 1 2 |  2.6
Evocations     | 1 2 |  2.6
Spellcasting   | 3 |  3.9
Conjurations   | 1 2 |  2.1
Charms         | 1 2 |  2.1
Summonings     | 1 2 |  2.1
Necromancy     | 1 2 |  2.1
Translocations | 1 2 |  2.1
Transmutations | 1 2 |  2.1
Ice Magic      | 1 2 |  2.1
Air Magic      | 1 2 |  2.1
Earth Magic    | 1 2 |  2.1
Throwing       | 3 |  3.7
Shields        | 3 |  3.7
Fire Magic     | 4 |  4.3
Poison Magic   | 4 |  4.3
Hexes          | |  5.9

Action                   |  1- 3 |  4- 6 |  7- 9 || total
-------------------------+-------+-------+-------++-------
Melee: Club              |     9 |       |       ||     9
       Spear             |    40 |       |       ||    40
       Bite              |     4 |       |     4 ||     8
       Dagger            |     8 |     3 |    20 ||    31
 Fire: Hunting sling     |    36 |   121 |    34 ||   191
  Use: Scroll            |     2 |     3 |     2 ||     7
       Potion            |     1 |     3 |     2 ||     6
 Stab: Sleeping          |     2 |       |       ||     2
       Invisible         |       |       |     1 ||     1
  Eat: Chunk             |       |     6 |       ||     6
       Ration            |       |       |     1 ||     1
Armor: Robe              |    17 |     3 |     2 ||    22
Dodge: Dodged            |    36 |    18 |    27 ||    81
